 Dungeon Crawl Stone Soup version 0.29-a0-653-gd47aff6735 (webtiles) character file.

Game seed: 4690117818493229480

52 zeratav the Sneak (level 3, 0/17 HPs)
             Began as a Spriggan Arcane Marksman on June 21, 2022.
             Slain by Ijyb
             ... wielding a +0 dagger
              (1 damage)
             ... on level 3 of the Dungeon.
             The game lasted 00:08:02 (2488 turns).

zeratav the Sneak (Spriggan Arcane Marksman)        Turns: 2488, Time: 00:08:02

Health: 0/17       AC:  2    Str:  6    XL:     3   Next: 60%
Magic:  6/6        EV: 17    Int: 14    God:
Gold:   108        SH:  0    Dex: 17    Spells: 3/4 levels left

rFire   . . .      SeeInvis +   r - +0 dagger {short}
rCold   . . .      Faith    .   (no shield)
rNeg    . . .      Spirit   .   b - +0 robe
rPois   .          Reflect  .   (helmet restricted)
rElec   .          Harm     .   (no cloak)
rCorr   .          Rampage  .   (gloves unavailable)
Will    .....                   (boots unavailable)
Stlth   +++.......              (no amulet)
HPRegen 0.05/turn               (no ring)
MPRegen 0.10/turn               (no ring)

@: very quick
A: very small, no large weapons, unfitting armour, see invisible, speed 3
a: no special abilities


You were on level 3 of the Dungeon.
You visited 1 branch of the dungeon, and saw 3 of its levels.

You collected 134 gold pieces.
You spent 26 gold pieces at shops.


Innate Abilities, Weirdness & Mutations

You are very small and have problems with some larger weapons.
You are too small for most types of armour.
You have supernaturally acute eyesight. (SInv)
You cover ground extremely quickly. (Speed+++)


   Skills:
 - Level 0.7 Fighting
 + Level 2.9 Bows
 - Level 2.6 Dodging
 - Level 5.0 Stealth
 - Level 1.3 Spellcasting
 - Level 3.6 Hexes


You had 3 spell levels left.
You knew the following spells:

 Your Spells              Type           Power      Damage    Failure   Level
a - Slow                  Hex            44%        N/A       6%          1

Your spell library contained the following spells:

 Spells                   Type           Power      Damage    Failure   Level
 Inner Flame              Hex/Fire       6%         N/A       36%         3
 Portal Projectile        Hex/Tloc       12%        N/A       36%         3
 Call Canine Familiar     Summ           0%         N/A       58%         3
 Cause Fear               Hex            5%         N/A       50%         4
 Leda's Liquefaction      Hex/Erth       3%         N/A       77%         4
 Hailstorm                Conj/Ice       0%         3d3       94%         4
 Ice Form                 Ice/Tmut       0%         N/A       94%         4
 Simulacrum               Ice/Necr       0%         N/A       100%        6

Inventory:

Hand Weapons
 a - a +0 shortbow {bow}
 r - a +0 dagger (weapon) {short}
   (You took it off a kobold on level 3 of the Dungeon)
Armour
 b - a +0 robe (worn)
Jewellery
 o - a ring of poison resistance
   (You found it on level 2 of the Dungeon)
 p - a ring of flight
   (You found it on level 3 of the Dungeon)
Scrolls
 c - 3 scrolls of vulnerability {!r!r}
 e - a scroll of fear
 h - a scroll of silence {!r}
 i - a scroll of immolation {!r!r}
 k - a scroll of teleportation {@r4}
Potions
 d - a potion of invisibility {unknown}
 f - a potion of berserk rage {unknown}
 g - a potion of lignification {!q}
 j - a potion of haste {unknown}
 l - 2 potions of curing {@q1}
 m - a potion of attraction {unknown}
 n - a potion of magic {unknown}
 q - a potion of might {unknown}

Dungeon Overview and Level Annotations

Branches:
Dungeon (3/15) Zot: 16065

Altars:
Makhleb

Shops:
D:2 **[:

Annotations:
D:3 Ijyb

####### #.# #
......# #.# .##
.####.# #.#######..
.# #.# #.##.....#
.# #.# #.##.....#
.# #.#
########.##.....#
.# #.#
#......#.###()..#
.# #.#
#.####.#g.....###
.# #.#
#......รท@...#.# .#
#.########.######.#
.#
#.................#
.#
#..........########
.# ##.######### .#
#.######### .#
#.........# .#
#########.# .#
#.########


You could see Ijyb.


Message History

Ijyb zaps a wand.
You resist with some effort.
The now-empty wand crumbles to dust.
Shoot: a) +0 shortbow {bow}
Press: ? - help, Q - select action, (/) - cycle Shift-Dir - straight line, f/p - Ijyb
Aim: Ijyb, wielding a +0 dagger and wearing a +0 scale mail (heavily wounded, slow, 57% to hit)
You shoot an arrow. The arrow hits Ijyb.
Ijyb closely misses you.
Shoot: a) +0 shortbow {bow}
Press: ? - help, Q - select action, (/) - cycle Shift-Dir - straight line, f/p - Ijyb
Aim: Ijyb, wielding a +0 dagger and wearing a +0 scale mail (heavily wounded, slow, 57% to hit)
You shoot an arrow. The arrow closely misses Ijyb.
Ijyb is no longer moving slowly.
Ijyb misses you.
Shoot: a) +0 shortbow {bow}
Press: ? - help, Q - select action, (/) - cycle Shift-Dir - straight line, f/p - Ijyb
Aim: Ijyb, wielding a +0 dagger and wearing a +0 scale mail (heavily wounded, 57% to hit)
You shoot an arrow. The arrow closely misses Ijyb.
Ijyb misses you.
Shoot: a) +0 shortbow {bow}
Press: ? - help, Q - select action, (/) - cycle Shift-Dir - straight line, f/p - Ijyb
Aim: Ijyb, wielding a +0 dagger and wearing a +0 scale mail (heavily wounded, 57% to hit)
You shoot an arrow. The arrow hits Ijyb.
Ijyb hits you with a +0 dagger. Ijyb misses you.
HP[-2] MP[+1]
You take 2 damage, and now have 13/17 hp.
Your mp is fully restored (6).
Shoot: a) +0 shortbow {bow}
Press: ? - help, Q - select action, (/) - cycle Shift-Dir - straight line, f/p - Ijyb
Aim: Ijyb, wielding a +0 dagger and wearing a +0 scale mail (severely wounded, 57% to hit)
You shoot an arrow. The arrow closely misses Ijyb.
Ijyb hits you with a +0 dagger.
HP[-3]
You take 3 damage, and now have 10/17 hp.
Shoot: a) +0 shortbow {bow}
Press: ? - help, Q - select action, (/) - cycle Shift-Dir - straight line, f/p - Ijyb
Aim: Ijyb, wielding a +0 dagger and wearing a +0 scale mail (severely wounded, 57% to hit)
You shoot an arrow. The arrow closely misses Ijyb.
Ijyb misses you.
Shoot: a) +0 shortbow {bow}
Press: ? - help, Q - select action, (/) - cycle Shift-Dir - straight line, f/p - Ijyb
Aim: Ijyb, wielding a +0 dagger and wearing a +0 scale mail (severely wounded, 57% to hit)
You shoot an arrow. The arrow barely misses Ijyb.
Ijyb closely misses you. x2
Shoot: a) +0 shortbow {bow}
Press: ? - help, Q - select action, (/) - cycle Shift-Dir - straight line, f/p - Ijyb
Aim: Ijyb, wielding a +0 dagger and wearing a +0 scale mail (severely wounded, 57% to hit)
You shoot an arrow. The arrow hits Ijyb!
Ijyb barely misses you.
Shoot: a) +0 shortbow {bow}
Press: ? - help, Q - select action, (/) - cycle Shift-Dir - straight line, f/p - Ijyb
Aim: Ijyb, wielding a +0 dagger and wearing a +0 scale mail (almost dead, 57% to hit)
You shoot an arrow. The arrow hits Ijyb but does no damage.
Ijyb screams, "You nasty!
Big nasty!"
Ijyb misses you.
Shoot: a) +0 shortbow {bow}
Press: ? - help, Q - select action, (/) - cycle Shift-Dir - straight line, f/p - Ijyb
Aim: Ijyb, wielding a +0 dagger and wearing a +0 scale mail (almost dead, 57% to hit)
You shoot an arrow. The arrow hits Ijyb but does no damage.
Ijyb misses you. Ijyb closely misses you.
Shoot: a) +0 shortbow {bow}
Press: ? - help, Q - select action, (/) - cycle Shift-Dir - straight line, f/p - Ijyb
Aim: Ijyb, wielding a +0 dagger and wearing a +0 scale mail (almost dead, 57% to hit)
You shoot an arrow. The arrow barely misses Ijyb.
Ijyb hits you with a +0 dagger.
* * * LOW HITPOINT WARNING * * *
HP[-4]
You take 4 damage, and now have 6/17 hp.
MASSIVE DAMAGE!! (PAUSE) Shoot: a) +0 shortbow {bow}
Press: ? - help, Q - select action, (/) - cycle Shift-Dir - straight line, f/p - Ijyb
Aim: Ijyb, wielding a +0 dagger and wearing a +0 scale mail (almost dead, 57% to hit)
You shoot an arrow. The arrow closely misses Ijyb.
Ijyb hits you with a +0 dagger.
* * * LOW HITPOINT WARNING * * *
Ijyb completely misses you.
HP[-2]
You take 2 damage, and now have 4/17 hp.
Shoot: a) +0 shortbow {bow}
Press: ? - help, Q - select action, (/) - cycle Shift-Dir - straight line, f/p - Ijyb
Aim: Ijyb, wielding a +0 dagger and wearing a +0 scale mail (almost dead, 57% to hit)
You shoot an arrow. The arrow barely misses Ijyb.
Ijyb barely misses you.
Things that are here:
a +0 dagger {short}; 4 stones {throwing} HP[+1]
r - a +0 dagger (weapon)
{short}
There is a stone staircase leading up here.
You hit Ijyb but do no damage. Ijyb closely misses you.
Hit: r) +0 dagger {short}
Press: ? - help, Dir - move target, f/p - Ijyb
Aim: Ijyb, wielding a +0 dagger and wearing a +0 scale mail (almost dead, about 39% to evade your +0 dagger)
You hit Ijyb but do no damage. Ijyb hits you with a +0 dagger.
* * * LOW HITPOINT WARNING * * *
HP[-3]
You take 3 damage, and now have 2/17 hp.
You barely miss Ijyb. Ijyb hits you with a +0 dagger.
* * * LOW HITPOINT WARNING * * *
HP[-1]
You take 1 damage, and now have 1/17 hp.
You closely miss Ijyb. Ijyb hits you with a +0 dagger.
You die...

Skill      XL: |  1  2  3 |
---------------+----------+-----
Stealth        | 2 4 5 |  5.0
Fighting       | |  0.7
Bows           | |  2.9
Dodging        | |  2.6
Spellcasting   | |  1.3
Hexes          | |  3.6

Action                   || total
-------------------------++-------
Melee: Unarmed           ||    12
       Dagger            ||     4
 Fire: Shortbow          ||   123
 Cast: Slow              ||     6
  Use: Scroll            ||     6
Armor: Skin              ||     6
       Robe              ||     3
Dodge: Dodged            ||    72

Levels and vault maps discovered:
D:1:      lightli_arrival_farm, layout_basic, basic_ecumenical_altar
D:2:      layout_basic, basic_altar, serial_shops, nicolae_diamond_shop,
          nicolae_shop_overgrown_old_shop, shop, shop
D:3:      layout_basic, minmay_misc_feat_iff, uniq_ijyb, uniq_crazy_yiuf_cottage

Notes
Turn   | Place    | Note
-------+----------+-------------------------------------------
     0 | D:1      | zeratav the Spriggan Arcane Marksman began the quest for
                  | the Orb.
     0 | D:1      | Reached XP level 1. HP: 9/9 MP: 3/3
     0 | D:1      | magus.rc [v1.9.6]
    53 | D:1      | Reached skill level 1 in Stealth
    83 | D:1      | Found a faded altar of an unknown god.
   177 | D:1      | Reached skill level 2 in Stealth
   312 | D:1      | You pick up a book of the Tundra and begin reading...
   312 | D:1      | You add the spells Hailstorm, Ice Form and Simulacrum to
                  | your library.
   512 | D:1      | Reached XP level 2. HP: 14/14 MP: 5/5
   552 | D:1      | Reached skill level 3 in Stealth
   671 | D:1      | You pick up a book of the Hunter and begin reading...
   671 | D:1      | You add the spells Call Canine Familiar and Leda's
                  | Liquefaction to your library.
   839 | D:2      | Found Zelaix's Assorted Antiques.
   870 | D:2      | Reached skill level 4 in Stealth
  1148 | D:2      | Reached XP level 3. HP: 6/17 MP: 6/6
  1471 | D:2      | Found a burning altar of Makhleb.
  1504 | D:2      | Found Hudim's General Store.
  1513 | D:2      | Bought a scroll of identify for 26 gold pieces
  1934 | D:2      | Found Velet's Antique Armour Shoppe.
  1942 | D:2      | Found Buix's Book Boutique.
  1986 | D:2      | Reached skill level 5 in Stealth
  2398 | D:3      | Noticed Ijyb
  2465 | D:3      | HP: 4/17 [Ijyb/+0 dagger (2)]
  2486 | D:3      | HP: 2/17 [Ijyb/+0 dagger (3)]
  2488 | D:3      | Slain by Ijyb

Vanquished Creatures
  An adder (D:2)
  A worm (D:3)
  2 dart slugs
  4 bats
  2 endoplasms (D:2)
  A giant cockroach (D:3)
  5 goblins
  2 hobgoblins
  6 kobolds
  3 quokkas
  4 ball pythons
  2 frilled lizards
  4 rats
37 creatures vanquished.

Table legend:
 A = Non-vault XP
 B = Vault XP
 C = Vault XP percentage of total XP
 D = Non-vault monster count
 E = Vault monster count
 F = Vault count percentage of total count
                 A         B        C        D         E       F
            +---------+---------+-------+---------+---------+-------
      Total |      75 |       0 |   0.0 |      37 |       0 |   0.0
            +---------+---------+-------+---------+---------+-------
        D:1 |      20 |       0 |   0.0 |      11 |       0 |   0.0
        D:2 |      39 |       0 |   0.0 |      18 |       0 |   0.0
        D:3 |      16 |       0 |   0.0 |       8 |       0 |   0.0
            +---------+---------+-------+---------+---------+-------

Illustrated notes

Table legend:
 A = Kills in this place as a percentage of kills in entire the game.
 B = Kills by you in this place as a percentage of kills by you in the entire game.
 C = Kills by friends in this place as a percentage of kills by friends in the entire game.
 D = Other kills in this place as a percentage of other kills in the entire game.
 E = Experience gained in this place as a percentage of experience gained in the entire game.
 F = Experience gained in this place divided by the number of levels of this place that you have seen.
                   A       B       C       D       E      F
               +-------+-------+-------+-------+-------+----------------------
         Total | 100.0 | 100.0 |   N/A |   N/A | 100.0 |  25.0
       Dungeon | 100.0 | 100.0 |   N/A |   N/A | 100.0 |  25.0
               +-------+-------+-------+-------+-------+----------------------

Table legend: (Time is in decaauts)
 A = Elapsed time spent in this place.
 B = Non-inter-level travel time spent in this place.
 C = Inter-level travel time spent in this place.
 D = Time resting spent in this place.
 E = Time spent auto-exploring this place.
 F = Levels seen in this place.
 G = Mean time per level.
                   A        B        C        D        E       F      G
               +--------+--------+--------+--------+--------+-----+--------+
         Total |   1934 |   1890 |     44 |    530 |   1057 |   3 |  644.7 |
       Dungeon |   1934 |   1890 |     44 |    530 |   1057 |   3 |  644.7 |
               +--------+--------+--------+--------+--------+-----+--------+

Top non-repeatable levels by time:
     D:2: 1017 daAuts
     D:1: 575 daAuts
     D:3: 341 daAuts
